 Dungeon Crawl Stone Soup version 0.28.0-53-g5a82cb258f (webtiles) character file.

Game seed: 16557326653709607141

1285 safid the Cleaver (level 8, -5/66 HPs)
             Began as a Hill Orc Fighter on Aug 14, 2022.
             Was an Initiate of Beogh.
             Killed from afar by a steam dragon (20 damage)
             ... with a ball of steam
             ... on level 6 of the Dungeon.
             The game lasted 00:04:36 (5810 turns).

safid the Cleaver (Hill Orc Fighter)                Turns: 5810, Time: 00:04:37

Health: -5/66      AC:  8    Str: 21    XL:     8   Next: 55%
Magic:  8/8        EV: 13    Int:  8    God:    Beogh [......]
Gold:   315        SH:  5    Dex: 10    Spells: 7/7 levels left

rFire   . . .      SeeInvis .   a - +0 war axe
rCold   . . .      Faith    .   c - +1 buckler
rNeg    . . .      Spirit   .   b - +0 scale mail
rPois   .          Reflect  .   x - +0 helmet
rElec   .          Harm     .   (no cloak)
rCorr   .          Rampage  .   (no gloves)
Will    .....                   (no boots)
Stlth   ..........              (no amulet)
HPRegen 0.21/turn               e - +4 ring of evasion
MPRegen 0.11/turn               (no ring)

@: no status effects
A: no striking features
a: Renounce Religion


You were on level 6 of the Dungeon.
You worshipped Beogh.
Beogh was noncommittal.
You visited 1 branch of the dungeon, and saw 6 of its levels.

You collected 315 gold pieces.

Inventory:

Hand Weapons
 a - a +0 war axe (weapon)
Missiles
 h - 19 poisoned darts (quivered)
Armour
 b - a +0 scale mail (worn)
 c - a +1 buckler (worn)
 x - a +0 helmet (worn)
Jewellery
 e - a +4 ring of evasion (left hand)
 j - a ring of ice
Wands
 n - a wand of iceblast (11)
 w - a wand of mindburst (20)
Scrolls
 f - a scroll of amnesia {unknown}
 m - a scroll of magic mapping {unknown}
 o - 4 scrolls of teleportation
 p - a scroll of fear {unknown}
 r - a scroll of noise {unknown}
 s - 2 scrolls of blinking
 t - 2 scrolls of holy word {unknown}
 u - 2 scrolls of fog {unknown}
 v - a scroll of torment {unknown}
 y - a scroll of immolation {unknown}
 z - a scroll of vulnerability {unknown}
 A - a scroll of silence {unknown}
 C - 2 scrolls of enchant armour
 E - 2 scrolls of enchant weapon {unknown}
Potions
 d - a potion of might
 g - 3 potions of heal wounds
 i - 3 potions of flight {unknown}
 k - a potion of resistance {unknown}
 l - 2 potions of curing {unknown}
 q - 2 potions of cancellation {unknown}
 B - 2 potions of attraction {unknown}
 D - a potion of invisibility {unknown}
 F - a potion of lignification {unknown}


   Skills:
 - Level 4.0 Fighting
 + Level 12.6 Axes
 - Level 4.0 Armour
 - Level 4.0 Shields


You had 7 spell levels left.
You didn't know any spells.
Your spell library contained the following spells:

 Spells                   Type           Power      Damage    Failure   Level
 Animate Skeleton         Necr           0%         N/A       83%         1
 Apportation              Tloc           0%         N/A       83%         1
 Sting                    Tmut/Pois      0%         1d3       83%         1
 Summon Small Mammal      Summ           0%         N/A       83%         1
 Passwall                 Tmut/Erth      0%         N/A       92%         2
 Poisonous Vapours        Pois/Air       0%         N/A       92%         2
 Conjure Flame            Conj/Fire      0%         6-21      99%         3
 Frozen Ramparts          Ice            0%         1d2       99%         3
 Ignite Poison            Fire/Tmut/Pois 0%         N/A       99%         3
 Mephitic Cloud           Conj/Pois/Air  0%         N/A       99%         3
 Airstrike                Air            0%         N/A       100%        4
 Fulminant Prism          Conj/Hex       0%         3d6       100%        4
 Iskenderun's Mystic Bla  Conj/Tloc      0%         2d3       100%        4
 Olgreb's Toxic Radiance  Pois           0%         N/A       100%        4
 Sticky Flame             Conj/Fire      0%         2d3       100%        4
 Summon Lightning Spire   Summ/Air       0%         N/A       100%        4
 Freezing Cloud           Conj/Ice/Air   0%         6-21      100%        5
 Lee's Rapid Deconstruct  Erth           0%         3d5*      100%        5
 Lightning Bolt           Conj/Air       0%         1d11      100%        5
 Shatter                  Erth           0%         3d5*      100%        9


Dungeon Overview and Level Annotations

Branches:
Dungeon (6/15)
 Temple: D:4-7

Altars:
Cheibriados
Gozag
Hepliaklqana
Ru
Sif Muna
Uskayaw
Zin


Message History

u - 2 scrolls labelled BIRAET QER (gained 1) Key pressed, stopping explore.
Done exploring.
Done exploring.
Done exploring.
(D) Dungeon
Where to? (Enter - D:6 @ (x,y), ? - help)
A steam dragon is nearby!
The steam dragon hisses angrily.
The steam dragon breathes steam at you. The ball of steam hits you!
No target in view!
No target in view!
No target in view!
No target in view!
No target in view!
No target in view!
No target in view!
No target in view!
No target in view!
You are engulfed in a cloud of scalding steam.
The steam dragon breathes steam at you. The ball of steam hits you!!
You are engulfed in a cloud of scalding steam.
You are engulfed in a cloud of scalding steam.
The steam dragon closely misses you. The steam dragon completely misses you.
You barely miss the steam dragon. The steam dragon misses you.
The steam dragon claws you but does no damage.
You slash the steam dragon!
The steam dragon is moderately wounded.
You are engulfed in a cloud of scalding steam.
The steam dragon breathes steam at you. The ball of steam hits you!
* * * LOW HITPOINT WARNING * * *
You barely miss the steam dragon.
The steam dragon is moderately wounded.
The steam dragon misses you. x2
The steam dragon breathes steam at you. The ball of steam hits you!!
You die...

..#..#....#...'.............#
....##....#####.............#
####.............############
#.............#
#.............#
#.............#
#.............#
####.............### ######
.#..#########..D@..# #....#
.'..........#.§....# #....#
.#..........#.§....# #....#
###.###.##..#.§....#####....#
###.###+##..####'#..........#
.....+...........#..........#
.....#...........#..........#
##################..........#
############


You could see a steam dragon (catching breath).

Vanquished Creatures
  A wraith (D:6)
  A sky beast (D:6)
  2 black bears
  An ogre (D:5)
  A gnoll sergeant (D:6)
  A scorpion (D:6)
  A water moccasin zombie (D:6)
  A water moccasin skeleton (D:5)
  3 centaur zombies
  A centaur skeleton (D:6)
  2 jellies
  A hound (D:5)
  A bullfrog skeleton (D:6)
  Ijyb (D:2)
  3 iguanas
  An orc wizard (D:4)
  3 gnolls (D:6)
  8 adders
  A howler monkey skeleton (D:5)
  A white imp (D:3)
  A worm (D:2)
  4 dart slugs
  4 orcs
  5 ball pythons
  8 bats
  4 endoplasms
  2 giant cockroaches
  9 goblins
  7 hobgoblins
  3 jackals (D:5)
  6 kobolds
  5 quokkas
  2 frilled lizards (D:2)
  5 rats
100 creatures vanquished.

Notes
Turn   | Place    | Note
-------+----------+-------------------------------------------
     0 | D:1      | safid the Hill Orc Fighter began the quest for the Orb.
     0 | D:1      | Reached XP level 1. HP: 19/19 MP: 1/1
   238 | D:1      | Reached skill level 3 in Axes
   238 | D:1      | Reached XP level 2. HP: 27/27 MP: 2/2
   717 | D:2      | Noticed Ijyb
   731 | D:2      | Killed Ijyb
   732 | D:2      | Reached XP level 3. HP: 19/33 MP: 3/3
   993 | D:2      | Reached XP level 4. HP: 40/40 MP: 4/4
  1044 | D:2      | Reached skill level 4 in Axes
  1151 | D:2      | Found a sacrificial altar of Ru.
  1568 | D:3      | Found a glowing silver altar of Zin.
  1568 | D:3      | Found a shimmering blue altar of Sif Muna.
  1574 | D:3      | Found a snail-covered altar of Cheibriados.
  1575 | D:3      | Found an opulent altar of Gozag.
  1577 | D:3      | Found a hide-covered altar of Uskayaw.
  1625 | D:3      | Found a hazy altar of Hepliaklqana.
  1921 | D:3      | Reached skill level 5 in Axes
  2019 | D:3      | Reached XP level 5. HP: 38/46 MP: 5/5
  2548 | D:4      | Got the Tome of Congealing Stones
  2592 | D:4      | Reached skill level 6 in Axes
  2605 | D:4      | Paralysed by a hobgoblin for 3 turns
  3145 | D:4      | Reached XP level 6. HP: 50/52 MP: 6/6
  3176 | D:4      | Reached skill level 7 in Axes
  3353 | D:5      | Entered Level 5 of the Dungeon
  3398 | D:5      | Noticed a black bear
  3412 | D:5      | Killed a black bear
  3548 | D:5      | Reached skill level 8 in Axes
  3652 | D:5      | Became a worshipper of Beogh the Brigand
  3774 | D:5      | Reached XP level 7. HP: 19/59 MP: 7/7
  4019 | D:5      | Reached skill level 9 in Axes
  4222 | D:6      | Noticed a steam dragon
  4549 | D:6      | Reached skill level 10 in Axes
  4763 | D:6      | Noticed a wraith
  4774 | D:6      | Killed a wraith
  4775 | D:6      | Reached skill level 11 in Axes
  4775 | D:6      | Reached XP level 8. HP: 58/66 MP: 8/8
  5113 | D:6      | Reached skill level 12 in Axes
  5810 | D:6      | Killed from afar by a steam dragon

Illustrated notes

Levels and vault maps discovered:
D:1:      dpeg_arrival_boxorama, layout_basic
D:2:      kennysheep_the_goblin_king, layout_rooms, basic_altar,
          small_statue_intersection, hangedman_decor_points
D:3:      layout_basic, grunt_temple_overflow_open
D:4:      layout_basic, minmay_ruptured
D:5:      layout_basic
D:6:      layout_gridville

Skill      XL: |  1  2  3  4  5  6  7  8 |
---------------+-------------------------+-----
Axes           | 3 5 6 8 11 12 | 12.6
Fighting       | 4 |  4.0
Shields        | 4 |  4.0
Armour         | 4 |  4.0

Action                   |  1- 3 |  4- 6 |  7- 9 || total
-------------------------+-------+-------+-------++-------
Melee: War axe           |    39 |   175 |   128 ||   342
Throw: Dart              |       |     1 |     1 ||     2
Invok: Convert to Beogh  |       |     1 |       ||     1
  Use: Scroll            |       |       |     4 ||     4
Armor: Scale mail        |    16 |    57 |    48 ||   121
Dodge: Dodged            |    35 |   115 |    76 ||   226
Block: Buckler           |     6 |    45 |    31 ||    82
